 Dungeon Crawl Stone Soup version 0.31-a0-1522-g43313d8a59 (webtiles) character file.

Game seed: 14661471005885764086

57 AstroCodex24 the Trooper (level 3, 0/31 HPs)
             Began as a Demigod Fighter on Dec 30, 2023.
             Killed by nerve-wracking pain
             ... invoked by Jessica
              (1 damage)
             ... on level 3 of the Dungeon.
             The game lasted 00:01:15 (271 turns).

AstroCodex24 the Trooper (Demigod Fighter)           Turns: 271, Time: 00:01:16

Health: 0/31       AC:  6    Str: 21    XL:     3   Next: 50%
Magic:  5/5        EV:  9    Int: 10    God:
Gold:   14         SH:  4    Dex: 13    Spells: 2/2 levels left

rFire   . . .        a - +0 war axe
rCold   . . .        c - +0 buckler
rNeg    . . .        b - +0 scale mail
rPois   .            (no helmet)
rElec   .            (no cloak)
rCorr   .            (no gloves)
SInv    .            (no boots)
Will    .....        (no amulet) Stlth
                     (no ring)
HPRegen 0.25/turn    (no ring)
MPRegen 0.09/turn

%: no passive effects
@: no status effects
A: high MP 1, forlorn, divine attributes
a: no special abilities


You were on level 3 of the Dungeon.
You visited 1 branch of the dungeon, and saw 3 of its levels.

You collected 14 gold pieces.

Inventory:

Hand Weapons
 a - a +0 war axe (weapon)
Armour
 b - a +0 scale mail (worn)
 c - a +0 buckler (worn)
Jewellery
 g - a ring of flight
Scrolls
 e - a scroll of teleportation {unknown}
 i - a scroll of butterflies {unknown}
Potions
 d - a potion of might
 f - a potion of curing {unknown}
 h - a potion of brilliance {unknown}


   Skills:
 + Level 3.2 Fighting
 + Level 2.3 Axes
 + Level 3.2 Armour
 + Level 3.1 Shields


You had 2 spell levels left.
You didn't know any spells.
Your spell library was empty.

Dungeon Overview and Level Annotations

Branches:
Dungeon (3/15)

Annotations:
D:3 Jessica


Innate Abilities, Weirdness & Mutations

You have an increased reservoir of magic. (+10% MP)
You shall have no god before yourself.
Your divine heritage dramatically boosts your attributes as you level up.


Message History

The liquid fire burns you!
Your Axes skill increases to level 2!
Your Shields skill increases to level 3!
You have reached level 3!
Your experience leads to a dramatic increase in your attributes!
Increase (S)trength, (I)ntelligence, or (D)exterity?
You feel stronger. x4
You shake off some of the fire as you move.
The liquid fire burns you!
You shake off some of the fire as you move.
The liquid fire burns you!
* * * LOW HITPOINT WARNING * * *
You shake off the liquid fire.
h - a blue potion
i - a scroll labelled WORPHO ROAT
Found a puce potion.
Found a rapier.
Found a stone staircase leading down.
An endoplasm comes into view.
The endoplasm quivers.
Jessica the Apprentice Sorceress comes into view.
She is wielding a +0 dagger.
Jessica shouts!
Jessica mumbles some strange words.
Jessica blinks!
The endoplasm freezes you.
You are frozen.
You see here a puce potion.
You hit the endoplasm.
The endoplasm is lightly wounded.
The endoplasm hits you but does no damage.
You slash the endoplasm!
You kill the endoplasm!
Jessica looks very angry.
Found a scroll labelled WAIL TE GOUD.
Jessica attacks as she pursues you! You block Jessica's attack.
Jessica points at you and mumbles some strange words.
Pain shoots through your body!
* * * LOW HITPOINT WARNING * * *
Jessica points at you and mumbles some strange words.
Pain shoots through your body!
You die...

...####.#######...#
#........#####......#
..######.............#
.######....#......##
........#..........#
........##..........
........##.#........
........##..........
........!@..@.......
#.)..>.#...#........
...####..####?......
.#. #.## ......# # #.
....... .. ####... #..
... #.. ..


You could see Jessica.

Vanquished Creatures
  A bombardier beetle (D:3)
  An adder (D:2)
  A dart slug (D:1)
  An endoplasm (D:3)
  2 giant cockroaches (D:3)
  A kobold (D:3)
  A ball python (D:1)
  A goblin (D:2)
9 creatures vanquished.

Notes
Turn   | Place    | Note
-------+----------+-------------------------------------------
     0 | D:1      | AstroCodex24 the Demigod Fighter began the quest for the
                  | Orb.
     0 | D:1      | Reached XP level 1. HP: 18/18 MP: 3/3
   118 | D:2      | Reached XP level 2. HP: 9/25 MP: 4/4
   240 | D:3      | Reached XP level 3. HP: 18/31 MP: 5/5
   265 | D:3      | Noticed Jessica
   270 | D:3      | HP: 1/31 [Jessica/nerve-wracking pain (13)]
   271 | D:3      | Killed from afar by Jessica

Illustrated notes

Levels and vault maps discovered:
D:1:      lemuel_arrival_room, layout_loops_cross, nicolae_shop_vocational
D:2:      layout_loops_corners, minmay_bisected, uniq_natasha, uniq_terence
D:3:      layout_rooms, serial_curves, eino_curves_03, eino_curves_02,
          uniq_jessica

Skill      XL: |  1  2 |
---------------+-------+-----
Fighting       | 3 |  3.2
Armour         | 3 |  3.2
Axes           | 2 |  2.3
Shields        | 3 |  3.1

Action                     || total
---------------------------++-------
  Melee: War axe           ||    30
 Armour: Scale mail        ||    19
  Dodge: Dodged            ||    12
  Block: Buckler           ||     7

Table legend: (Time is in decaauts)
 A = Elapsed time spent in this place.
 B = Non-inter-level travel time spent in this place.
 C = Inter-level travel time spent in this place.
 D = Time resting spent in this place.
 E = Time spent auto-exploring this place.
 F = Levels seen in this place.
 G = Mean time per level.
                   A        B        C        D        E       F      G
               +--------+--------+--------+--------+--------+-----+--------+
         Total |    284 |    284 |      0 |      0 |      0 |   3 |   94.7 |
       Dungeon |    284 |    284 |      0 |      0 |      0 |   3 |   94.7 |
               +--------+--------+--------+--------+--------+-----+--------+

Top non-repeatable levels by time:
     D:1: 107 daAuts
     D:2: 89 daAuts
     D:3: 86 daAuts
